 Dungeon Crawl Stone Soup version 0.30.2 (webtiles) character file.

Game seed: 6718798816015753267

84 porpoise the Sneak (level 4, -14/34 HPs)
             Began as a Demonspawn Brigand on Jan 25, 2024.
             Demolished by Crazy Yiuf
             ... wielding a +2 quarterstaff of chaos
              (22 damage)
             ... on level 2 of the Dungeon.
             The game lasted 00:05:39 (1686 turns).

porpoise the Sneak (Demonspawn Brigand)             Turns: 1686, Time: 00:05:39

Health: -14/34     AC:  8    Str: 11    XL:     4   Next: 23%
Magic:  4/4        EV: 10    Int: 12    God:
Gold:   93         SH:  0    Dex: 17    Spells: 3/3 levels left

rFire   . . .        a - +2 dagger
rCold   . . .        (no shield)
rNeg    . . .        b - +0 ring mail
rPois   +            (no helmet)
rElec   .            g - +2 cloak
rCorr   .            (no gloves)
SInv    .            (no boots)
Will    .....        (no amulet)
Stlth   ++           m - ring of poison resistance
HPRegen 0.25/turn    (no ring)
MPRegen 0.09/turn

%: no passive effects
@: no status effects
A: demonic magic 1, weakness stinger 1
a: no special abilities


You were on level 2 of the Dungeon.
You visited 1 branch of the dungeon, and saw 2 of its levels.

You collected 93 gold pieces.

Inventory:

Hand Weapons
 a - a +2 dagger (weapon)
Missiles
 d - 6 poisoned darts (quivered)
 e - 3 curare-tipped darts
Armour
 b - a +0 ring mail (worn)
 g - a +2 cloak (worn)
 n - a +2 robe of positive energy
Jewellery
 m - a ring of poison resistance (left hand)
Wands
 c - a wand of digging (2)
Scrolls
 f - a scroll of immolation {unknown}
 h - 4 scrolls of identify
 i - a scroll of fear {unknown}
 j - a scroll of torment {unknown}
 k - a scroll of poison {unknown}
 l - a scroll of vulnerability {unknown}


   Skills:
 + Level 2.8 Fighting
 * Level 3.2 Short Blades
 - Level 1.7 Throwing
 - Level 0.8 Dodging
 + Level 4.1 Stealth


You had 3 spell levels left.
You didn't know any spells.
Your spell library was empty.

Dungeon Overview and Level Annotations

Branches:
Dungeon (2/15)

Altars:
Xom

Annotations:
D:2 Crazy Yiuf


Innate Abilities, Weirdness & Mutations

Spells you cast may paralyse adjacent enemies.
You have a small tail.


Message History

You see here a +0 scale mail.
You open the door.
Found a shimmering altar of Xom.
There is an open door here.
There is a shimmering altar of Xom here.
You now have 93 gold pieces (gained 9).
You open the door.
There is an open door here.
Found a stone staircase leading down.
Found a robe.
A bat comes into view.
Your library has no spells.
The bat hits you but does no damage. The bat hits you but does no damage.
The bat closely misses you.
You hit the bat.
You kill the bat!
No target in view!
Found a hammer.
Found a runed translucent door.
As you open the door, it creaks loudly!
Crazy Yiuf shouts!
Throw: 8 darts (poison)
Press: ? - help, Q - select action, (/) - cycle Shift-Dir - straight line, f - Crazy Yiuf
Aim: Crazy Yiuf, wielding a +2 quarterstaff of chaos and wearing a +0 cloak (64% to hit)
You throw a poisoned dart.
The poisoned dart completely misses Crazy Yiuf.
Throw: 7 darts (poison)
Press: ? - help, Q - select action, (/) - cycle Shift-Dir - straight line, f/p - Crazy Yiuf
Aim: Crazy Yiuf, wielding a +2 quarterstaff of chaos and wearing a +0 cloak (64% to hit)
You throw a poisoned dart.
The poisoned dart closely misses Crazy Yiuf.
You hit Crazy Yiuf.
Your tail-slap misses Crazy Yiuf.
Crazy Yiuf is lightly wounded.
Crazy Yiuf hits you with a +2 quarterstaff of chaos!
You convulse!
* * * LOW HITPOINT WARNING * * *
You hit Crazy Yiuf but do no damage.
Crazy Yiuf is lightly wounded.
Crazy Yiuf hits you but does no damage. Space warps horribly around you!!
Ouch! That really hurt!
You die...

#####
#)(.#
#######
#...#
#......
...
#.#####
#g# #.#
### ♣@♣♣
#.# #..
♣♣.♣ #.#
#.# ♣.♣♣
#.# #.#
♣♣.♣
#.###.#
♣.♣♣
#......
♣♣♣..♣
#####.#
♣....♣
#....
#....# ###
#.#.#
#....###.#
#....


You could see Crazy Yiuf.

Vanquished Creatures
  Jessica (D:2)
  Natasha (D:2)
  3 ball pythons (D:1)
  2 endoplasms (D:1)
  A giant cockroach (D:1)
  5 goblins (D:1)
  4 hobgoblins (D:1)
  2 jackals (D:1)
  A quokka (D:1)
  4 bats
  4 frilled lizards
  4 kobolds (D:1)
32 creatures vanquished.

Notes
Turn   | Place    | Note
-------+----------+-------------------------------------------
     0 | D:1      | porpoise the Demonspawn Brigand began the quest for the
                  | Orb.
     0 | D:1      | Reached XP level 1. HP: 16/16 MP: 1/1
   208 | D:1      | Gained mutation: Spells you cast may paralyse adjacent
                  | enemies. [demonic ancestry]
   208 | D:1      | Reached XP level 2. HP: 22/22 MP: 2/2
   757 | D:1      | Found a faded altar of an unknown god.
   773 | D:1      | Gained mutation: You have a small tail. [demonic ancestry]
   773 | D:1      | Reached XP level 3. HP: 25/28 MP: 3/3
  1137 | D:2      | Noticed Natasha
  1150 | D:2      | Killed Natasha
  1151 | D:2      | Reached skill level 4 in Stealth
  1378 | D:2      | Noticed Jessica
  1390 | D:2      | Killed Jessica
  1391 | D:2      | Reached XP level 4. HP: 23/34 MP: 4/4
  1520 | D:2      | Found a shimmering altar of Xom.
  1678 | D:2      | Found a runed translucent door.
  1679 | D:2      | Noticed Crazy Yiuf
  1686 | D:2      | Demolished by Crazy Yiuf

Illustrated notes

Levels and vault maps discovered:
D:1:      ncdulo_halloftheorcs, layout_basic, ebering_ecumenical_altar_box,
          minmay_3d_cube
D:2:      layout_loops_corners, basic_altar, uniq_jessica,
          uniq_crazy_yiuf_cottage, uniq_natasha

Skill      XL: |  1  2  3 |
---------------+----------+-----
Short Blades   | 2 3 |  3.2
Stealth        | 4 |  4.1
Fighting       | |  2.8
Throwing       | |  1.7
Dodging        | |  0.8

Action                     |  1- 3 |  4- 6 || total
---------------------------+-------+-------++-------
  Melee: Dagger            |    70 |     5 ||    75
         Tailslap          |     5 |     1 ||     6
  Throw: Dart              |    21 |     2 ||    23
    Use: Scroll            |     1 |       ||     1
   Stab: Sleeping          |     3 |       ||     3
 Armour: Robe              |    16 |       ||    16
         Ring mail         |       |     5 ||     5
  Dodge: Dodged            |    31 |     1 ||    32
